 Dungeon Crawl Stone Soup version 0.31.0-9-g3a7656b989 (webtiles) character file.

Game seed: 3615196247211321880

75 qw the Shooter (level 4, -2/25 HPs)
             Began as a Deep Elf Hunter on Feb 2, 2024.
             Was an Initiate of Okawaru.
             Slain by an orc
             ... wielding a +0 morningstar
              (9 damage)
             ... on level 3 of the Dungeon.
             The game lasted 00:00:06 (1836 turns).

qw the Shooter (Deep Elf Hunter)                    Turns: 1836, Time: 00:00:06

Health: -2/25      AC:  7    Str: 10    XL:     4   Next: 11%
Magic:  6/6        EV: 12    Int: 14    God:    Okawaru [......]
Gold:   187        SH:  0    Dex: 18    Spells: 3/3 levels left

rFire   . . .        a - +0 shortbow
rCold   . . .        (shield currently unavailable)
rNeg    . . .        c - +0 leather armour
rPois   .            (no helmet)
rElec   +            (no cloak)
rCorr   .            (no gloves)
SInv    +            (no boots)
Will    .....        g - amulet of the acrobat
Stlth   ++           d - ring "Lazuvvot" {rElec SInv}
HPRegen 0.24/turn    o - +4 ring of protection
MPRegen 0.10/turn

%: acrobat
@: no status effects
A: no striking features
a: Renounce Religion


You were on level 3 of the Dungeon.
You worshipped Okawaru.
Okawaru was noncommittal.
You visited 1 branch of the dungeon, and saw 4 of its levels.

You collected 187 gold pieces.


   Skills:
 - Level 1.5 Fighting
 + Level 7.5 Ranged Weapons
 - Level 2.4 Dodging
 - Level 1.2 Stealth


You had 3 spell levels left.
You didn't know any spells.
Your spell library was empty.

Inventory:

Hand Weapons
 a - a +0 shortbow (weapon)
Armour
 b - the +1 ring mail of Xaack {Harm}
   (You found it on level 3 of the Dungeon)

   Harm:      It increases damage dealt and taken.
 c - a +0 leather armour (worn)
Jewellery
 d - the ring "Lazuvvot" (left hand) {rElec SInv}
   (You found it on level 3 of the Dungeon)

   [ring of see invisible]

   rElec:     It insulates you from electricity.
   SInv:      It lets you see invisible.
 g - an amulet of the acrobat (around neck)
 o - a +4 ring of protection (right hand)
 Y - a ring of willpower
Scrolls
 h - a scroll of teleportation
Potions
 e - a potion of enlightenment
 f - a potion of resistance {unknown}
 i - a potion of cancellation {unknown}
 j - a potion of invisibility {unknown}
 m - a potion of curing {unknown}
 n - a potion of mutation {unknown}

Dungeon Overview and Level Annotations

Branches:
Dungeon (4/15)
 Temple: D:4-7

Altars:
Nemelex Xobeh
Okawaru
Wu Jian


Message History

HP restored.
You climb downwards.
The orc closely misses you. The orc hits you but does no damage.
The orc closely misses you. The orc barely misses you.
There is a stone staircase leading up, spattered with blood here.
1826 ||| STAIRDANCE The orc hits you but does no damage.
The orc barely misses you. The orc closely misses you.
You climb upwards.
There is a stone staircase leading down here.
You shoot an arrow. The arrow closely misses the orc.
The orc closely misses you. x2; The orc hits you but does no damage.
You shoot an arrow. The arrow barely misses the orc.
The orc hits you with a +0 whip. The orc misses you.
The orc completely misses you.
You shoot an arrow. The arrow hits the orc.
The orc is heavily wounded.
The orc closely misses you. The orc barely misses you.
The orc hits you but does no damage.
You shoot an arrow. The arrow closely misses the orc.
The orc barely misses you. The orc hits you with a +0 morningstar!
The orc barely misses you.
You shoot an arrow. The arrow barely misses the orc.
The orc hits you with a +0 whip. The orc misses you.
The orc hits you but does no damage.
You shoot an arrow.
The arrow hits the orc but does no damage.
The orc is heavily wounded.
The orc barely misses you. x2; The orc misses you.
You shoot an arrow. The arrow hits the orc.
You kill the orc!
Okawaru accepts your kill. The orc closely misses you. x2
You shoot an arrow. The arrow closely misses the orc.
The orc closely misses you. The orc hits you with a +0 flail.
The orc hits you with a +0 morningstar. The orc hits you with a +0 flail.
You shoot an arrow. The arrow hits the orc.
The orc is moderately wounded.
The orc hits you with a +0 morningstar!
You die...

######### #.# #######.#
........# #.# #######.#
#######.# #.# #######># #.#
#.# #######.# #.# #.#
#######.# #.# #.# #######.#
#.# #.# #######.#
#######.########'#####
#######.#
................@)...#
#######.#
......#.......#.oo...#
#.......#
#####.#######.#......#
#.#######
............#.#......#
#.#######
.......<......#......# #.#
######....(..)#......# #.#
.....'........#......####.#
######..(....##...........#
...# #.......###.###......#


You could see 2 orcs.

Vanquished Creatures
  3 adders
  2 dart slugs
  A ribbon worm (D:2)
  3 orcs (D:3)
  4 endoplasms
  5 goblins
  5 hobgoblins
  A kobold (D:3)
  2 quokkas
  4 ball pythons (D:1)
  2 bats
  2 frilled lizards
  4 rats
38 creatures vanquished.

Notes
Turn   | Place    | Note
-------+----------+-------------------------------------------
     0 | D:1      | qw the Deep Elf Hunter began the quest for the Orb.
     0 | D:1      | Reached XP level 1. HP: 12/12 MP: 3/3
     0 | D:1      | 0 ||| qw: Version: 0.3-a-155-g5e7d8dd
     0 | D:1      | 0 ||| qw: Game counter: 2313
     0 | D:1      | 0 ||| qw: Melee chars always use a shield: true
     0 | D:1      | 0 ||| qw: God list: Okawaru
     0 | D:1      | 0 ||| qw: Allow faded altars: false
     0 | D:1      | 0 ||| qw: Do Orc after clearing Dungeon:15 true
     0 | D:1      | 0 ||| qw: Do second Lair branch before Depths: true
     0 | D:1      | 0 ||| qw: Lair rune preference: random
     0 | D:1      | 0 ||| qw: Goals: Normal
     0 | D:1      | 0 ||| PLANNING D:1-11
   440 | D:1      | Reached XP level 2. HP: 16/16 MP: 4/4
   442 | D:1      | Reached skill level 6 in Ranged Weapons
   794 | D:1      | 794 ||| DROPPING scarf of shadows.
   795 | D:1      | 795 ||| READING scroll labelled PIEX RULYOGH.
   796 | D:1      | 796 ||| DROPPING scroll of butterflies.
   920 | D:2      | Reached XP level 3. HP: 20/20 MP: 5/5
  1221 | D:2      | 1221 ||| UPGRADING to +4 ring of protection.
  1222 | D:2      | 1222 ||| UPGRADING to ring of willpower.
  1223 | D:2      | 1223 ||| READING scroll labelled FOGUCO JIMUI.
  1224 | D:2      | 1224 ||| READING scroll labelled GUEKYZ VIW QEI.
  1225 | D:2      | 1225 ||| READING 5 scrolls labelled KACROV FEOQUEPP.
  1226 | D:2      | 1226 ||| READING scroll labelled RUTSUPUAHO.
  1227 | D:2      | 1227 ||| READING scroll labelled MOODYCKENE.
  1227 | D:2      | 1227 ||| IDENTIFYING emerald potion
  1228 | D:2      | 1228 ||| READING scroll labelled DET KISHRORR.
  1231 | D:2      | 1231 ||| DROPPING 4 scrolls of noise.
  1286 | D:3      | Identified the +1 ring mail of Xaack {Harm}
  1301 | D:3      | Identified the ring "Lazuvvot" {rElec SInv}
  1304 | D:3      | Found a faded altar of an unknown god.
  1306 | D:3      | Reached skill level 7 in Ranged Weapons
  1315 | D:3      | Found a sparkling altar of Nemelex Xobeh.
  1421 | D:3      | Found an ornate altar of the Wu Jian Council.
  1426 | D:3      | Found an iron altar of Okawaru.
  1448 | D:3      | 1448 ||| PLANNING OKAWARU WORSHIP
  1449 | D:3      | 1449 ||| UPGRADING to amulet of the acrobat.
  1454 | D:3      | 1454 ||| UPGRADING to ring "Lazuvvot" {rElec SInv}.
  1456 | D:3      | 1456 ||| UPGRADING to +4 ring of protection.
  1482 | D:3      | Became a worshipper of Warmaster Okawaru
  1483 | D:3      | 1483 ||| PLANNING D:1-11
  1554 | D:3      | Reached XP level 4. HP: 25/25 MP: 6/6
  1786 | D:3      | 1786 ||| READING scroll labelled LEOTAM ZUSIPNI.
  1816 | D:4      | 1816 ||| STAIRDANCE
  1826 | D:4      | 1826 ||| STAIRDANCE
  1836 | D:3      | Slain by an orc

Levels and vault maps discovered:
D:1:      heliophobic_arrival_battle_scene, layout_loops_corners
D:2:      layout_basic
D:3:      layout_basic, mainiacjoe_overflow_concentric_impassable,
          jmf_multi_god_temple, chequers_ecumenical_altar_simple_redux,
          minmay_diced_spiral
D:4:      layout_rooms, nicolae_ashenzari_skybound, grunt_ministairs_7,
          dreamdust_gnoll_farm

Skill      XL: |  1  2  3 |
---------------+----------+-----
Ranged Weapons | 6 7 |  7.5
Fighting       | |  1.5
Dodging        | |  2.4
Stealth        | |  1.2

Action                     |  1- 3 |  4- 6 || total
---------------------------+-------+-------++-------
   Fire: Shortbow          |    84 |    11 ||    95
    Use: Scroll            |     7 |     1 ||     8
 Armour: Leather armour    |     6 |    13 ||    19
  Dodge: Dodged            |     7 |    21 ||    28

Table legend:
 A = Non-vault XP
 B = Vault XP
 C = Vault XP percentage of total XP
 D = Non-vault monster count
 E = Vault monster count
 F = Vault count percentage of total count
                 A         B        C        D         E       F
            +---------+---------+-------+---------+---------+-------
      Total |      89 |      19 |  17.6 |      34 |       4 |  10.5
            +---------+---------+-------+---------+---------+-------
        D:1 |      23 |       0 |   0.0 |      13 |       0 |   0.0
        D:2 |      31 |       0 |   0.0 |      10 |       0 |   0.0
        D:3 |      35 |      19 |  35.2 |      11 |       4 |  26.7
            +---------+---------+-------+---------+---------+-------
